 Dungeon Crawl Stone Soup version 0.30-a0-1066-g63dfefce0d (webtiles) character file.

Game seed: 10130010855450551268

34056 GigaChad the Severer (level 14, -11/113 HPs) *EXPLORE*
             Began as a Formicid Fighter on Apr 13, 2023.
             Was an Initiate of Gozag.
             Mangled by a +0 halberd of protection (15 damage)
             ... on level 1 of the Elven Halls.
             The game lasted 00:31:13 (16064 turns).

GigaChad the Severer (Formicid Fighter)            Turns: 16064, Time: 00:31:20

Health: -11/113    AC: 17    Str: 23 (37) XL:     14   Next: 11%
Magic:  12/12      EV:  2    Int: -2 (9)  God:    Gozag
Gold:   3356       SH:  0    Dex: -6 (13) Spells: 13/13 levels left

rFire   . . .      SeeInvis +    M - +3 battleaxe (elec)
rCold   . . .      Faith    .    c - +1 buckler
rNeg    . . .      Spirit   .    z - +2 plate armour
rPois   .          Reflect  .    (helmet unavailable)
rElec   .          Rampage  .    (no cloak)
rCorr   .                        (no gloves)
Will    +....                    (no boots) Stlth
                                 (no amulet)
HPRegen 0.38/turn                t - +6 ring of strength
MPRegen 0.13/turn                u - +6 ring of strength

@: slowed, lost intelligence, lost dexterity, unable to read, very slow
A: permanent stasis, dig shafts and tunnels, antennae 3, four strong arms,
deterioration 1, low MP 1
a: Dig, Shaft Self, Renounce Religion, Potion Petition, Call Merchant, Bribe
Branch


You were on level 1 of the Elven Halls.
You worshipped Gozag.
Gozag was most pleased with you.
You visited 4 branches of the dungeon, and saw 13 of its levels.
You also visited: Bailey.

You collected 4129 gold pieces.
You spent 675 gold pieces at shops.
You paid 98 gold pieces to Gozag.

Inventory:

Hand Weapons
 a - a +2 war axe
 v - a -1 demon trident
 w - a -2 demon whip
 A - a +0 battleaxe
 B - the +0 dagger "Puschyosch" {flame, rElec rC- Int+7 Stlth+}
   (You found it in a bailey)

   Int:       It affects your intelligence (+7).
   rC:        It makes you vulnerable to cold.
   rElec:     It insulates you from electricity.
   Stlth:     It makes you more stealthy.
 H - a +0 heavy battleaxe
 L - a +0 club
 M - a +3 battleaxe of electrocution (weapon)
Missiles
 j - 5 throwing nets
Armour
 b - a +0 scale mail
 c - a +1 buckler (worn)
 s - a +0 chain mail
 z - a +2 plate armour (worn)
 C - a +2 chain mail of fire resistance
 D - a +0 cloak
Jewellery
 e - a ring of protection from fire
 i - a ring of fire
 q - a ring of protection from cold
 t - a +6 ring of strength (left hand)
 u - a +6 ring of strength (right hand)
Wands
 x - a wand of digging (5)
 I - a wand of flame (6)
 J - a wand of polymorph (5)
Scrolls
 f - 5 scrolls of identify
 g - 4 scrolls of poison
 r - a scroll of fog
 y - a scroll of amnesia
 E - 2 scrolls of magic mapping
Potions
 d - a potion of might
 h - 2 potions of degeneration
 k - 2 potions of attraction
 l - 2 potions of curing (quivered)
 m - a potion of magic {unknown}
 n - 3 potions of heal wounds
 o - a potion of mutation {unknown}
 p - a potion of cancellation
 F - 2 potions of haste {unknown}
Miscellaneous
 G - a phial of floods
 K - a tin of tremorstones (2/2)


   Skills:
 - Level 11.3 Fighting
 - Level 15.6 Axes
 - Level 12.3 Armour
 + Level 3.8 Dodging
 - Level 11.3 Shields


You had 13 spell levels left.
You didn't know any spells.
Your spell library contained the following spells:

 Spells                   Type           Power      Damage    Failure   Level
 Shock                    Conj/Air       0%         1d3       100%        1
 Sublimation of Blood     Necr           0%         N/A       100%        2
 Airstrike                Air            0%         2d(0-16)  100%        4
 Petrify                  Tmut/Erth      0%         N/A       100%        4
 Summon Lightning Spire   Summ/Air       0%         N/A       100%        4
 Alistair's Intoxication  Tmut/Pois      0%         N/A       100%        5
 Borgnjor's Vile Clutch   Necr/Erth      0%         N/A       100%        5
 Irradiate                Conj/Tmut      0%         3d11      100%        5
 Eringya's Noxious Bog    Tmut/Pois      0%         N/A       100%        6
 Storm Form               Tmut/Air       0%         N/A       100%        7
 Maxwell's Capacitive Co  Air            0%         ∞         100%        8
 Chain Lightning          Conj/Air       0%         N/A       100%        9
 Fire Storm               Conj/Fire      0%         5d1       100%        9
 Shatter                  Erth           0%         3d5*      100%        9
 Swiftness                Air            Unusable   N/A       N/A         3

Dungeon Overview and Level Annotations

Branches:
Dungeon (9/15)             Temple (1/1) D:6             Orc (2/2) D:9
    Elf (1/3) Orc:2        Bailey (visited)
   Lair: D:8-11

Altars:
Ashenzari
Cheibriados
Dithmenos
Elyvilon
Fedhas
Gozag
Hepliaklqana
Kikubaaqudgha
Makhleb
Nemelex Xobeh
Okawaru
Qazlal
Ru
Sif Muna
Trog
Uskayaw
Vehumet
Wu Jian
Yredelemnul
Zin

Shops:
D:2 *   D:7 *   Orc:2 (:(*


Innate Abilities, Weirdness & Mutations

You cannot be hasted, slowed, berserked, paralysed or teleported.
You can dig through walls and to a lower floor.
You have a pair of large antennae on your head. (SInv)
Your four strong arms can wield two-handed weapons with a shield.
Your body sometimes deteriorates upon taking damage.
Your magical capacity is low. (-10% MP)


Message History

You are too injured to fight recklessly!
You slice the deep elf zephyrmancer!!
The deep elf zephyrmancer is almost dead.
The +0 short sword of holy wrath is no longer distracted by gold.
The +0 halberd of protection hits you from afar!
* * * LOW HITPOINT WARNING * * *
The deep elf archer shoots an arrow.
The arrow hits you but does no damage.
The +0 halberd of protection barely misses you.
The deep elf zephyrmancer mumbles some strange words.
The deep elf zephyrmancer blinks!
The deep elf archer shoots an arrow.
The arrow hits you.
* * * LOW HITPOINT WARNING * * *
The +0 halberd of protection hits you from afar!
* * * LOW HITPOINT WARNING * * *
Unknown command.
Unknown command.
Unknown command.
The deep elf zephyrmancer casts a spell.
The deep elf zephyrmancer blinks!
The +0 halberd of protection hits you!
Die? [Y]es or [N]o only, please.
Die? [Y]es or [N]o only, please.
Die?
Uppercase [Y]es or [N]o only, please.
Die? [Y]es or [N]o only, please.
Die? [Y]es or [N]o only, please.
Die? [Y]es or [N]o only, please.
Die? [Y]es or [N]o only, please.
Die? [Y]es or [N]o only, please.
Die? [Y]es or [N]o only, please.
Die?
You die...
Your body crumbles into a pile of gold.

**,,,,...####.## *,,,*,*
*****,*#*** #.# *,*,*,+
^,,,,,,>,,* #.# ***,*$*,,
,**,,,.,,,* #.# *,,,,,+**
,,,,,,....###.##### *,**,,,,,
,*,,,,............# *,*,,,,,*
,,,,,,....###.###e# *,*,*****
,,,,,,..,,* #.###(### *,*,###
**,,,,,,,,* #.#.@.$.# *,*...#*
**,,,,,,,,* #.#.#e#$# *,.....**
,,,*,,,*****#.....$)#####......,*
****,,,*,,{*##..##§$.!$.e....e.,,
*,,,*,,,* #.e###.#####......,,
*,,,*,,,* #..# #.#((.......e,,
****,,,*,,,**#..#*#.#.........#,,
,,,,,,,,,,,,,....{..........#..,,
,,,,,,,,,,,,..,,.{..........#..,,


You could see a deep elf archer (repels missiles), 2 deep elf zephyrmancers and
3 dancing weapons.

Vanquished Creatures
  A deep elf annihilator (Elf:1)
  Azrael (Orc:2)
  Harold (D:9)
  A boulder beetle (D:8)
  A dancing weapon (Elf:1)
  2 two-headed ogres
  5 orc high priests (Orc:2)
  A deep elf knight (Elf:1)
  Sonja (Orc:1)
  Pikel (D:6)
  2 deep elf archers (Elf:1)
  5 deep elf zephyrmancers (Elf:1)
  2 orc sorcerers
  4 deep elf pyromancers (Elf:1)
  9 orc knights
  3 kobold demonologists
  Grinder (D:5)
  3 trolls
  2 hornets
  A shadow (D:9)
  3 wyverns
  A wraith (D:9)
  A vampire (D:9)
  14 yaks
  A steam dragon (D:8)
  3 fire elementals (Orc:2)
  Menkaure (D:6)
  Edmund (D:6)
  A water moccasin (D:8)
  43 orc warriors
  2 hell hounds (Orc:2)
  2 ice beasts (D:7)
  A sky beast (D:8)
  A black bear (D:6)
  4 ogres
  3 centaurs (D:9)
  2 phantoms (D:6)
  An earth elemental (Elf:1)
  3 kobold brigands
  2 bullfrogs
  3 scorpions (D:5)
  4 elf skeletons (D:7)
  9 wights
  9 killer bees (D:9)
  3 electric eels (Bailey)
  7 howler monkeys (D:9)
  8 crimson imps (D:7)
  5 gnoll boudas
  A jelly (D:5)
  39 orc priests
  5 hounds
  2 iguanas
  A sleepcap (D:4)
  Terence (D:3)
  A human skeleton (D:7)
  8 orc wizards
  31 gnolls
  8 adders
  A shadow imp (D:7)
  A white imp (D:7)
  An ufetubus (D:6)
  2 worms (D:3)
  4 dart slugs
  74 orcs
  5 ball pythons
  5 endoplasms
  3 giant cockroaches
  18 goblins
  12 hobgoblins
  4 jackals (D:3)
  5 quokkas
  10 bats
  4 frilled lizards
  19 kobolds
  An orc zombie (D:7)
  6 rats
457 creatures vanquished.

Vanquished Creatures (others)
  2 deep elf knights (Elf:1)
2 creatures vanquished.

Grand Total: 459 creatures vanquished

Notes
Turn   | Place    | Note
-------+----------+-------------------------------------------
     0 | D:1      | GigaChad the Formicid Fighter began the quest for the Orb.
     0 | D:1      | Reached XP level 1. HP: 18/18 MP: 1/1
   132 | D:1      | Reached XP level 2. HP: 23/24 MP: 2/2
   132 | D:1      | Entered explore mode.
   392 | D:1      | Reached XP level 3. HP: 29/29 MP: 3/3
   517 | D:2      | Reached XP level 4. HP: 29/37 MP: 4/4
   520 | D:2      | Reached skill level 3 in Axes
   733 | D:2      | Reached XP level 5. HP: 42/42 MP: 5/5
   823 | D:2      | You fall into a shaft and drop 1 floor!
   829 | D:3      | Found a glowing drain.
   996 | D:2      | Found Opsoniun's Assorted Antiques.
  1445 | D:3      | Killed by divine providence
                  | ... invoked by an orc priest
                  | (15 damage)
  1462 | D:3      | Reached skill level 4 in Axes
  1465 | D:3      | Killed by nerve-wracking pain
                  | ... invoked by an orc priest
                  | (14 damage)
  1475 | D:3      | Reached XP level 6. HP: 28/48 MP: 6/6
  1687 | D:3      | Noticed Terence
  1698 | D:3      | Killed Terence
  1921 | D:3      | Found a shadowy altar of Dithmenos.
  2206 | D:4      | Found a white marble altar of Elyvilon.
  2209 | D:4      | Found a burning altar of Makhleb.
  2212 | D:4      | Found a bloodstained altar of Trog.
  2215 | D:4      | Found a stormy altar of Qazlal.
  2266 | D:4      | Reached skill level 5 in Shields
  2348 | D:4      | Noticed an ogre
  2357 | D:4      | Demolished by an ogre
                  | ... wielding a +0 giant club
                  | (27 damage)
  2359 | D:4      | Killed an ogre
  2448 | D:4      | Reached XP level 7. HP: 48/55 MP: 7/7
  2457 | D:4      | Reached skill level 5 in Axes
  2575 | D:4      | Found a basalt altar of Yredelemnul.
  3104 | D:5      | Entered Level 5 of the Dungeon
  3192 | D:5      | Reached skill level 5 in Armour
  3341 | D:5      | Noticed Grinder
  3356 | D:5      | Killed Grinder
  3357 | D:5      | Reached skill level 5 in Fighting
  3357 | D:5      | Reached skill level 6 in Axes
  3357 | D:5      | Reached XP level 8. HP: 34/62 MP: 8/8
  4037 | D:6      | Reached skill level 7 in Axes
  4058 | D:6      | Noticed Menkaure
  4066 | D:6      | Killed Menkaure
  4079 | D:6      | Noticed Edmund
  4085 | D:6      | Reached XP level 9. HP: 38/68 MP: 9/9
  4095 | D:6      | Killed Edmund
  4359 | D:6      | Noticed Pikel
  4377 | D:6      | Killed Pikel
  4378 | D:6      | Reached skill level 8 in Axes
  4731 | D:6      | Found a staircase to the Ecumenical Temple.
  4748 | Temple   | Entered the Ecumenical Temple
  4761 | Temple   | Became a worshipper of Gozag Ym Sagoz the Greedy
  5038 | D:7      | Killed by divine providence
                  | ... invoked by an orc priest
                  | (12 damage)
  5150 | D:7      | Found Mygyphea's Lightly-Used Armoury.
  5168 | D:7      | Reached skill level 9 in Axes
  5181 | D:7      | Reached XP level 10. HP: 36/77 MP: 10/10
  5502 | D:7      | Bought a -1 demon trident for 130 gold pieces
  5502 | D:7      | Bought a -2 demon whip for 65 gold pieces
  5872 | D:7      | Reached skill level 10 in Axes
  6594 | D:8      | Noticed a two-headed ogre
  6605 | D:8      | Killed a two-headed ogre
  6606 | D:8      | Reached skill level 11 in Axes
  6955 | D:8      | Found a flagged portal.
  6971 | D:8      | Reached XP level 11. HP: 59/85 MP: 11/11
  7086 | Bailey   | Entered a bailey
  7123 | Bailey   | Noticed an orc knight
  7140 | Bailey   | Killed an orc knight
  7438 | Bailey   | Noticed an orc knight
  7450 | Bailey   | Mangled by an orc warrior
                  | ... wielding a +0 broad axe
                  | (26 damage)
  7465 | Bailey   | Killed an orc knight
  8157 | Bailey   | Found an iron altar of Okawaru.
  8169 | Bailey   | Gained mutation: Your magical capacity is low. (-10% MP) [a
                  | neqoxec]
  8170 | Bailey   | Gained mutation: Your body sometimes deteriorates upon
                  | taking damage. [a neqoxec]
  8173 | Bailey   | Reached skill level 12 in Axes
  8514 | Bailey   | Identified the +0 dagger "Puschyosch" {flame, rElec rC-
                  | Int+7 Stlth+}
  8579 | Bailey   | Acquired 712 gold pieces
  8869 | D:8      | Noticed a boulder beetle
  8886 | D:8      | Noticed a sixfirhy
  8946 | D:8      | Killed a boulder beetle
  9775 | D:8      | Found a hide-covered altar of Uskayaw.
 10483 | D:9      | Found a staircase to the Orcish Mines.
 10520 | D:9      | Noticed a two-headed ogre
 10529 | D:9      | Killed a two-headed ogre
 10530 | D:9      | Reached skill level 13 in Axes
 10530 | D:9      | Reached XP level 12. HP: 29/95 MP: 10/10
 10572 | D:9      | Noticed Harold
 10586 | D:9      | Slain by Harold
                  | ... wielding a +0 short sword
                  | (8 damage)
 10593 | D:9      | Killed Harold
 11323 | D:9      | Reached skill level 10 in Armour
 11337 | D:9      | HP: 3/96 [poisoned by a killer bee]
 11338 | D:9      | Slain by a wyvern (4 damage)
 11355 | D:9      | Reached skill level 10 in Shields
 11714 | Orc:1    | Entered Level 1 of the Orcish Mines
 11893 | Orc:1    | Noticed Sonja
 11913 | Orc:1    | Succumbed to Sonja's poison
 11936 | Orc:1    | Asphyxiated
 11940 | Orc:1    | Killed Sonja
 11941 | Orc:1    | Reached skill level 14 in Axes
 12179 | Orc:2    | Entered Level 2 of the Orcish Mines
 12192 | Orc:2    | Found a staircase to the Elven Halls.
 12239 | Orc:2    | HP: 4/96 [ogre/+0 giant spiked club (27)]
 12917 | Orc:2    | Noticed Azrael
 12927 | Orc:2    | HP: 2/97 [hell hound[Azrael] (6)]
 12927 | Orc:2    | Mangled by a fire elemental (13 damage)
                  | ... led by Azrael
 12937 | Orc:2    | Demolished by Azrael
                  | ... wielding a +4 scimitar of flaming
                  | (25 damage)
 12938 | Orc:2    | Killed Azrael
 12939 | Orc:2    | Reached skill level 10 in Fighting
 12959 | Orc:2    | Killed by divine providence
                  | ... invoked by an orc priest
                  | (17 damage)
 12965 | Orc:2    | HP: 4/97 [poisoned by an orc priest]
 12965 | Orc:2    | Annihilated by an orc knight
                  | ... wielding a +3 battleaxe
                  | (35 damage)
 12968 | Orc:2    | Slain by an orc warrior
                  | ... wielding a +0 flail
                  | (6 damage)
 12970 | Orc:2    | Reached XP level 13. HP: 41/103 MP: 11/11
 12975 | Orc:2    | Mangled by an orc knight
                  | ... wielding a +3 battleaxe
                  | (24 damage)
 12982 | Orc:2    | Slain by an orc
                  | ... wielding a +0 flail
                  | (10 damage)
 12988 | Orc:2    | Slain by an orc warrior
                  | ... wielding a +0 hand axe
                  | (10 damage)
 13001 | Orc:2    | Killed by divine providence
                  | ... invoked by an orc priest
                  | (9 damage)
 13010 | Orc:2    | HP: 1/103 [orc knight/+1 great sword (16)]
 13010 | Orc:2    | Slain by an orc high priest
                  | ... wielding a +0 scimitar
                  | (2 damage)
 13242 | Orc:2    | Slain by an orc warrior
                  | ... wielding a +0 mace
                  | (18 damage)
 13247 | Orc:2    | Slain by an orc warrior
                  | ... wielding a +0 halberd
                  | (21 damage)
 13252 | Orc:2    | Mangled by an orc knight
                  | ... wielding a +0 war axe
                  | (18 damage)
 13254 | Orc:2    | Slain by a sixfirhy (10 damage)
                  | ... summoned by an orc high priest
 13257 | Orc:2    | HP: 5/104 [sixfirhy[an orc high priest] (12)]
 13258 | Orc:2    | Slain by a sixfirhy (10 damage)
                  | ... summoned by an orc high priest
 13262 | Orc:2    | Slain by a sixfirhy (11 damage)
                  | ... summoned by an orc high priest
 13269 | Orc:2    | Annihilated by an orc knight
                  | ... wielding a +0 bardiche
                  | (40 damage)
 13275 | Orc:2    | Killed by divine providence
                  | ... invoked by an orc high priest
                  | (9 damage)
 13279 | Orc:2    | Killed by divine providence
                  | ... invoked by an orc high priest
                  | (11 damage)
 13283 | Orc:2    | HP: 3/104 [orc warrior/+0 halberd (6)]
 13283 | Orc:2    | Annihilated by an orc warrior
                  | ... wielding a +0 heavy battleaxe
                  | (37 damage)
 13287 | Orc:2    | Reached skill level 15 in Axes
 13288 | Orc:2    | Killed by divine providence
                  | ... invoked by an orc priest
                  | (11 damage)
 13292 | Orc:2    | HP: 1/104 [orc warrior/+0 trident (9)]
 13293 | Orc:2    | Slain by an orc warrior
                  | ... wielding a +0 halberd
                  | (4 damage)
 13295 | Orc:2    | Demolished by an orc high priest
                  | ... wielding a +0 dire flail
                  | (18 damage)
 13297 | Orc:2    | Mangled by an orc warrior
                  | ... wielding a +0 dire flail
                  | (29 damage)
 13300 | Orc:2    | HP: 5/104 [orc warrior/+0 glaive (10)]
 13300 | Orc:2    | HP: 1/104 [ice devil[an orc high priest] (4)]
 13300 | Orc:2    | Mangled by an ice devil (12 damage)
                  | ... summoned by an orc high priest
 13304 | Orc:2    | Mangled by an ice devil (21 damage)
                  | ... summoned by an orc high priest
 13308 | Orc:2    | Slain by an ice devil (13 damage)
                  | ... summoned by an orc high priest
 13318 | Orc:2    | Killed by divine providence
                  | ... invoked by an orc high priest
                  | (14 damage)
 13325 | Orc:2    | Killed by nerve-wracking pain
                  | ... invoked by an orc high priest
                  | (8 damage)
 13334 | Orc:2    | Slain by an orc warrior
                  | ... wielding a +0 morningstar
                  | (14 damage)
 13342 | Orc:2    | HP: 3/104 [orc knight/+0 great sword (12)]
 13342 | Orc:2    | Slain by an orc warrior
                  | ... wielding a +3 halberd
                  | (6 damage)
 14295 | Orc:2    | Found Vaggiec's Antique Weapon Shop.
 14295 | Orc:2    | Found Jihajurph's General Store.
 14296 | Orc:2    | Found Imeodabe's Book Boutique.
 14296 | Orc:2    | Found Masafuff's Antique Weapon Shop.
 14310 | Orc:2    | Bought a tin of tremorstones (2/2) for 480 gold pieces
 15210 | Elf:1    | Entered Level 1 of the Elven Halls
 15215 | Elf:1    | Noticed a deep elf annihilator
 15232 | Elf:1    | Killed from afar by a deep elf annihilator (37 damage)
                  | ... with an iron shot
 15240 | Elf:1    | Killed a deep elf annihilator
 15240 | Elf:1    | Killed from afar by a deep elf zephyrmancer (30 damage)
                  | ... with a bolt of lightning
 15265 | Elf:1    | HP: 5/106 [deep elf archer/arrow (10)]
 15268 | Elf:1    | Shot with an arrow by a deep elf archer (11 damage)
 15988 | Elf:1    | Lost dexterity.
 15990 | Elf:1    | Killed from afar by a deep elf knight (42 damage)
                  | ... with a shard of ice
                  | ... while paralysed
 15999 | Elf:1    | HP: 2/106 [deep elf knight/+0 long sword (10)]
 15999 | Elf:1    | Slain by a fire elemental (7 damage)
                  | ... summoned by a deep elf pyromancer
 16003 | Elf:1    | Slain by a fire elemental (5 damage)
                  | ... summoned by a deep elf pyromancer
 16005 | Elf:1    | Slain by a fire elemental (10 damage)
                  | ... summoned by a deep elf pyromancer
 16007 | Elf:1    | Reached skill level 1 in Dodging
 16011 | Elf:1    | Reached XP level 14. HP: 46/113 MP: 12/12
 16013 | Elf:1    | Killed from afar by a deep elf zephyrmancer (13 damage)
                  | ... with a bolt of lightning
 16021 | Elf:1    | Killed from afar by a deep elf pyromancer (28 damage)
                  | ... with a bolt of fire
 16025 | Elf:1    | Slain by a +0 halberd of protection (23 damage)
 16028 | Elf:1    | Demolished by a +0 halberd of protection (28 damage)
 16032 | Elf:1    | Slain by a +0 halberd of protection (10 damage)
 16035 | Elf:1    | HP: 2/113 [fire elemental[a deep elf pyromancer] (9)]
 16035 | Elf:1    | Mangled by a fire elemental (8 damage)
                  | ... summoned by a deep elf pyromancer
 16039 | Elf:1    | Slain by a +0 halberd of protection (11 damage)
 16040 | Elf:1    | Lost intelligence.
 16042 | Elf:1    | HP: 5/113 [deep elf pyromancer/bolt of fire (33)]
 16043 | Elf:1    | HP: 2/113 [burnt (3)]
 16043 | Elf:1    | Mangled by a deep elf knight
                  | ... wielding a +0 short sword
                  | (13 damage)
 16044 | Elf:1    | Mangled by a +0 halberd of protection (18 damage)
 16047 | Elf:1    | Mangled by a +0 halberd of protection (19 damage)
 16049 | Elf:1    | Incinerated by a deep elf pyromancer (12 damage)
                  | ... with a sticky flame
 16051 | Elf:1    | Slain by a +0 halberd of protection (21 damage)
 16054 | Elf:1    | Killed from afar by a deep elf zephyrmancer (17 damage)
                  | ... with a bolt of lightning
 16056 | Elf:1    | HP: 2/113 [+0 halberd of protection (8)]
 16056 | Elf:1    | Slain by a deep elf pyromancer
                  | ... wielding a +0 long sword
                  | (5 damage)
 16059 | Elf:1    | Killed from afar by a deep elf zephyrmancer (25 damage)
                  | ... with a bolt of lightning
 16063 | Elf:1    | HP: 4/113 [+0 halberd of protection (8)]
 16064 | Elf:1    | Mangled by a +0 halberd of protection

Illustrated notes

Levels and vault maps discovered:
D:1:      lightli_arrival_chessboard, layout_rooms
D:2:      layout_rooms, serial_shops, nicolae_shop_crystal, minmay_cut_off
D:3:      layout_basic, nicolae_dithmenos_shadow_blocks, gup_sewer_entry_glass,
          kennysheep_potato, uniq_terence
D:4:      layout_basic, yredelemnul_altar_generic,
          grunt_temple_overflow_cloverleaf, roderic_roman_lattice
D:5:      layout_basic, uniq_grinder
D:6:      layout_rooms, temple_statues, reono_crystal_passage, uniq_menkaure,
          uniq_edmund, uniq_pikel
D:7:      layout_basic, nicolae_ossuary_entry_catacombs, minmay_shop_damaged,
          minmay_nine_imps
D:8:      layout_loops_cross, mainiacjoe_overflow_surrounded_room,
          enter_bailey_5, minmay_radiant
D:9:      layout_gridville, orc_0_dummy, minmay_alternating_orb, uniq_harold
Temple:   nicolae_temple_ecumenical_triangle
Orc:1:    layout_caves, uniq_sonja
Orc:2:    st_orc_pillars, layout_diamond_mine, uniq_azrael
Elf:1:    layout_loops_cross, minmay_elf_annihilation, minivault_11

Skill      XL: |  1  2  3  4  5  6  7  8  9 10 11 12 13 14 |
---------------+-------------------------------------------+-----
Axes           | 3 4 6 7 9 11 13 14 15 | 15.6
Fighting       | 4 5 6 7 9 10 11 | 11.3
Armour         | 4 5 6 7 8 9 10 12 | 12.3
Shields        | 5 6 7 8 9 10 11 | 11.3
Dodging        | 1 3 |  3.8

Action                     |  1- 3 |  4- 6 |  7- 9 | 10-12 | 13-15 || total
---------------------------+-------+-------+-------+-------+-------++-------
  Melee: War axe           |    56 |   154 |   250 |   251 |       ||   711
         Battleaxe         |       |       |       |   397 |   256 ||   653
Ability: Dig               |       |     3 |       |     3 |       ||     6
  Evoke: Phial of floods   |       |       |       |       |     1 ||     1
    Use: Scroll            |       |     6 |     5 |     8 |     4 ||    23
         Potion            |       |       |       |     3 |     1 ||     4
   Stab: Distracted        |       |       |     1 |     4 |       ||     5
 Armour: Scale mail        |    28 |    55 |    16 |       |       ||    99
         Chain mail        |       |       |    89 |   124 |       ||   213
         Plate armour      |       |       |       |   165 |   242 ||   407
  Dodge: Dodged            |    24 |    71 |   108 |   263 |   122 ||   588
  Block: Buckler           |    11 |    43 |    89 |   234 |   109 ||   486

Table legend: (Time is in decaauts)
 A = Elapsed time spent in this place.
 B = Non-inter-level travel time spent in this place.
 C = Inter-level travel time spent in this place.
 D = Time resting spent in this place.
 E = Time spent auto-exploring this place.
 F = Levels seen in this place.
 G = Mean time per level.
                   A        B        C        D        E       F      G
               +--------+--------+--------+--------+--------+-----+--------+
         Total |  16254 |  15965 |    289 |   4862 |   7466 |  14 | 1161.0 |
       Dungeon |  10092 |   9825 |    267 |   1380 |   6332 |   9 | 1121.3 |
        Temple |     33 |     24 |      9 |      0 |      0 |   1 |   33.0 |
  Orcish Mines |   3495 |   3482 |     13 |   2056 |    555 |   2 | 1747.5 |
   Elven Halls |    880 |    880 |      0 |    540 |     52 |   1 |  880.0 |
        Bailey |   1752 |   1752 |      0 |    886 |    527 |   1 | 1752.0 |
               +--------+--------+--------+--------+--------+-----+--------+

Top non-repeatable levels by time:
   Orc:2: 3029 daAuts
     D:9: 1804 daAuts
  Bailey: 1752 daAuts
     D:8: 1627 daAuts
     D:7: 1559 daAuts
     D:6: 995 daAuts
     D:3: 955 daAuts
     D:4: 949 daAuts
     D:5: 919 daAuts
   Elf:1: 880 daAuts
     D:2: 827 daAuts
   Orc:1: 466 daAuts
     D:1: 453 daAuts
  Temple: 33 daAuts
